 Dungeon Crawl Stone Soup version 0.28-a0-447-g1f95980246 (webtiles) character file.

Game seed: 6823454890294414421

2338 spiderkeys the Covert (level 9, 0/69 HPs)
             Began as an Octopode Fighter on Sept 13, 2021.
             Was an Initiate of Gozag.
             Slain by Harold (14 damage)
             ... on level 8 of the Dungeon.
             The game lasted 00:10:46 (8994 turns).

spiderkeys the Covert (Octopode Fighter)            Turns: 8994, Time: 00:10:47

Health: 0/69       AC:  3    Str: 19    XL:     9   Next: 43%
Magic:  9/9        EV: 15    Int: 12    God:    Gozag
Gold:   302        SH:  4    Dex: 11    Spells: 8/8 levels left

rFire   . . .      SeeInvis +     - Unarmed
rCold   . . .      Faith    .   a - +0 buckler
rNeg    . . .      Spirit   .   k - +2 hat
rPois   +          Reflect  .   (no amulet)
rElec   .          Harm     .   v - ring of see invisible
rCorr   .          Rampage  .   (no ring)
Will    .....                   (no ring)
Stlth   +++++.....              (no ring)
HPRegen 0.21/turn               (no ring)
MPRegen 0.11/turn               (no ring)
                                (no ring)
                                (no ring)

@: marked
A: almost no armour, amphibious, 8 rings, camouflage 1, gelatinous body 1,
(nimble swimmer 1), tentacles, clever 1, poison resistance, robust 1, noise
suppression
a: Renounce Religion, Potion Petition, Call Merchant, Bribe Branch


You were on level 8 of the Dungeon.
You worshipped Gozag.
Gozag was aware of your devotion.
You visited 2 branches of the dungeon, and saw 8 of its levels.
You also visited: Sewer.

You collected 612 gold pieces.
You paid 310 gold pieces to Gozag.


Innate Abilities, Weirdness & Mutations

You cannot wear most types of armour.
You are amphibious.
You can wear up to eight rings at the same time.
Your skin changes colour to match your surroundings (Stealth+).
Your rubbery body absorbs attacks. (AC +1, EV +1)
((You are camouflaged near water. (Stealth+)))
You have tentacles for arms and can constrict up to eight enemies at once.
Your mind is acute. (Int +2)
Your system is resistant to poisons. (rPois)
You are robust. (+10% HP)
You passively dampen the noise of your surroundings.


   Skills:
 + Level 6.8 Fighting
 + Level 6.8 Dodging
 - Level 8.0 Stealth
 - Level 4.0 Shields
 + Level 6.3 Unarmed Combat


You had 8 spell levels left.
You didn't know any spells.
Your spell library contained the following spells:

 Spells                   Type           Power      Damage    Failure   Level
 Animate Skeleton         Necr           0%         N/A       32%         1
 Apportation              Tloc           0%         N/A       32%         1
 Shock                    Conj/Air       0%         1d3       32%         1
 Sting                    Tmut/Pois      0%         1d3       32%         1
 Summon Small Mammal      Summ           0%         N/A       32%         1
 Poisonous Vapours        Pois/Air       0%         N/A       45%         2
 Swiftness                Air            0%         N/A       69%         3
 Airstrike                Air            0%         N/A       97%         4
 Olgreb's Toxic Radiance  Pois           0%         N/A       97%         4

Inventory:

Missiles
 d - 64 sling bullets
 h - 116 bolts
 j - 3 boomerangs (quivered)
 l - 20 arrows
 m - 32 poisoned darts
 n - 198 stones
 w - a throwing net {=f!f}
Armour
 a - a +0 buckler (worn)
 k - a +2 hat (worn)
   (You found it on level 2 of the Dungeon)
Jewellery
 v - a ring of see invisible (left tentacle)
   (You found it on level 5 of the Dungeon)
Wands
 t - a wand of flame (22)
   (You found it in a sewer)
 u - a wand of paralysis (11)
   (You found it on level 5 of the Dungeon)
 D - a wand of iceblast (15)
   (You found it on level 8 of the Dungeon)
Scrolls
 f - 2 scrolls of enchant armour
 g - a scroll of fog
 i - 2 scrolls of immolation {!r!r}
 s - 3 scrolls of teleportation {@r4}
 x - 2 scrolls of identify {@r1}
 y - a scroll of magic mapping {unknown}
 A - a scroll of acquirement {unknown}
Potions
 b - 2 potions of might
 c - 2 potions of heal wounds {unknown}
 e - a potion of berserk rage {unknown}
 o - a potion of lignification {unknown}
 p - 3 potions of curing {unknown}
 q - a potion of attraction {unknown}
 r - a potion of degeneration {unknown}
 z - 2 potions of haste {unknown}
 C - 3 potions of brilliance {unknown}
Miscellaneous
 B - a piece from Xom's chessboard (15/15)
   (You found it on level 8 of the Dungeon)

Dungeon Overview and Level Annotations

Branches:
Dungeon (8/15)             Temple (1/1) D:5           Sewer (visited)
   Lair: D:8-11

Altars:
Cheibriados
Fedhas
Gozag
Kikubaaqudgha
Nemelex Xobeh
Qazlal
Wu Jian
Xom
Zin

Shops:
D:8 (

Annotations:
D:8 Harold

#
#.#####.###....####
# #....)..# #....#
# #.##.#### #....#
# #.##(# ###### #
#.##.# # #)##(# #
#.##.# # #.##.# #
#.##@# # #.##@# #
#.##(# # #.##.# #
#.##.# # #.##.# #
#.##$# # #.##.#
#.##.#


You could see Harold (poisoned).


Message History

You constrict the gargoyle, but do no damage.
The gargoyle hits you with a +0 flail!
* * * LOW HITPOINT WARNING * * *
😨 HP[-13]
You take 13 damage, and now have 22/69 hp.
You completely miss the gargoyle. You constrict the gargoyle.
The gargoyle hits you with a +0 flail!
* * * LOW HITPOINT WARNING * * *
😱 HP[-10]
You take 10 damage, and now have 12/69 hp.
You bludgeon the gargoyle!
You constrict the gargoyle, but do no damage.
The gargoyle closely misses you. 😱 HP[+1]
You tentacle-slap the gargoyle but do no damage.
Your squeeze misses the gargoyle.
You constrict the gargoyle, but do no damage.
The gargoyle barely misses you.
You tentacle-slap the gargoyle but do no damage.
You squeeze the gargoyle, but do no damage.
You constrict the gargoyle.
The gargoyle hurls a stone arrow at you.
The stone arrow misses you.
You tentacle-slap the gargoyle but do no damage.
You squeeze the gargoyle. You constrict the gargoyle.
You destroy the gargoyle!
Key pressed, stopping explore.
Key pressed, stopping explore.
Key pressed, stopping explore.
Key pressed, stopping explore.
Key pressed, stopping explore.
Key pressed, stopping explore.
Key pressed, stopping explore.
You now have 302 gold pieces (gained 6).
You see here a +0 flail. 😎 HP[+56]
Your hp is fully restored (69).
D - a wand of iceblast (15) (gained 6 charges) Key pressed, stopping explore.
Key pressed, stopping explore.
Harold shouts!
Harold throws a throwing net.
The throwing net closely misses you.
You see here a throwing net {=f!f}.
Throw: 35 darts (poison)
Press: ? - help, Shift-Dir - straight line, f - Harold
Aim: Harold, wielding a +2 mace of protection, wearing a +0 scale mail and quivering a throwing net (70% to hit)
You throw a poisoned dart. The poisoned dart hits Harold.
Harold points at you and mumbles some strange words.
A sentinel's mark forms upon you.
Throw: 34 darts (poison)
Press: ? - help, Shift-Dir - straight line, f/p - Harold
Aim: Harold, wielding a +2 mace of protection, wearing a +0 scale mail and quivering a throwing net (70% to hit)
You throw a poisoned dart. The poisoned dart hits Harold.
Harold is poisoned.
Harold gestures at you while chanting. The mark upon you grows brighter.
Throw: 33 darts (poison)
Press: ? - help, Shift-Dir - straight line, f/p - Harold
Aim: Harold, wielding a +2 mace of protection, wearing a +0 scale mail and quivering a throwing net (poisoned, 70% to hit)
You throw a poisoned dart. The poisoned dart hits Harold.
Harold looks even sicker.
Harold throws a throwing net.
The throwing net hits you.
You become entangled in the net!
You tear a large gash into the net.
You struggle against the net.
You struggle against the net.
Harold fires a harpoon shot at you. The harpoon shot hits you!!
You are yanked forward by the harpoon shot. 😮 HP[-19]
You take 19 damage, and now have 50/69 hp.
MASSIVE DAMAGE!! (PAUSE)
You tentacle-slap Harold. Your grab misses Harold.
Harold gestures at you while chanting. The mark upon you grows brighter.
You tentacle-slap Harold but do no damage.
You grab Harold. You squeeze Harold, but do no damage.
You constrict Harold, but do no damage. Harold misses you.
You tentacle-slap Harold but do no damage.
You constrict Harold, but do no damage.
Harold hits you with a +2 mace of protection!
* * * LOW HITPOINT WARNING * * *
😨 HP[-17]
You take 17 damage, and now have 33/69 hp.
MASSIVE DAMAGE!! (PAUSE)
You tentacle-slap Harold but do no damage.
You constrict Harold.
Harold hits you with a +2 mace of protection.
* * * LOW HITPOINT WARNING * * *
😨 HP[-6]
You take 6 damage, and now have 27/69 hp.
You tentacle-slap Harold. You squeeze Harold, but do no damage.
You constrict Harold.
Harold hits you with a +2 mace of protection!
* * * LOW HITPOINT WARNING * * *
😱 HP[-13]
You take 13 damage, and now have 14/69 hp.
You tentacle-slap Harold. You constrict Harold.
Harold hits you with a +2 mace of protection!
You die...
Your body crumbles into a pile of gold.

Skill      XL: |  1  2  3  4  5  6  7  8  9 |
---------------+----------------------------+-----
Stealth        | 1 2 3 4 5 7 8 |  8.0
Unarmed Combat | 3 4 5 6 |  6.3
Dodging        | 4 5 6 |  6.8
Fighting       | 4 5 6 |  6.8
Shields        | 4 |  4.0

Action                   |  1- 3 |  4- 6 |  7- 9 || total
-------------------------+-------+-------+-------++-------
Melee: Unarmed           |    50 |   121 |   304 ||   475
       Constrict         |    15 |    26 |    62 ||   103
       Tentacles         |    11 |    24 |    76 ||   111
       Punch             |     2 |     4 |    13 ||    19
Throw: Dart              |       |     3 |    10 ||    13
       Throwing net      |       |       |     1 ||     1
Invok: Potion Petition   |       |       |     1 ||     1
  Use: Scroll            |     2 |     3 |     1 ||     6
       Potion            |     2 |       |       ||     2
 Stab: Sleeping          |     6 |     8 |    26 ||    40
       Distracted        |       |       |     2 ||     2
Armor: Skin              |     2 |     5 |    27 ||    34
Dodge: Dodged            |    24 |    59 |   128 ||   211
Block: Buckler           |     3 |    12 |    39 ||    54

Levels and vault maps discovered:
D:1:      dpeg_arrival_simpleton_b, layout_rooms
D:2:      layout_rooms, minmay_misc_feat_nine_boxes, lemuel_flame_loot_1,
          uniq_natasha
D:3:      layout_basic, nicolae_overflow_hidden_temple,
          ebering_ecumenical_altar_petrified
D:4:      wad_woods_stonehenge, layout_loops_corners, old_standard_altar
D:5:      layout_basic, mainiacjoe_overflow_alcove_2,
          minmay_temple_entry_statues_fountains, portal_sewer_entry_e
D:6:      layout_cave_pods, kennysheep_mini, fedhas_ov_isle_minmay, minitemple,
          serial_shops, shop
D:8:      layout_basic, xom_butterflies, zin_scriptorium,
          doesnt_shop_hydraphobe, uniq_harold
Temple:   minmay_temple_curvy_loop

Notes
Turn   | Place    | Note
-------+----------+-------------------------------------------
     0 | D:1      | spiderkeys the Octopode Fighter began the quest for the
                  | Orb.
     0 | D:1      | Reached XP level 1. HP: 16/16 MP: 1/1
     0 | D:1      | magus.rc [v1.9.10]
   184 | D:1      | Reached XP level 2. HP: 16/21 MP: 2/2
   189 | D:1      | Reached skill level 1 in Stealth
   218 | D:1      | HP: 3/21 [quokka (4)]
   477 | D:1      | You pick up a book of Cantrips and begin reading...
   477 | D:1      | You add the spells Animate Skeleton, Summon Small Mammal
                  | and Apportation to your library.
   783 | D:1      | Gained mutation: You expend magic power (3 MP) to
                  | strengthen your wands. [potion of mutation]
   783 | D:1      | Gained mutation: You are robust. (+10% HP) [potion of
                  | mutation]
   783 | D:1      | Gained mutation: You passively map a small area around you.
                  | [potion of mutation]
   784 | D:1      | Lost mutation: You passively map a small area around you.
                  | [potion of mutation]
   784 | D:1      | Lost mutation: You expend magic power (3 MP) to strengthen
                  | your wands. [potion of mutation]
   784 | D:1      | Gained mutation: Your system is resistant to poisons.
                  | (rPois) [potion of mutation]
   784 | D:1      | Gained mutation: You passively dampen the noise of your
                  | surroundings. [potion of mutation]
   784 | D:1      | Gained mutation: Your mind is acute. (Int +2) [potion of
                  | mutation]
   835 | D:2      | Noticed Natasha
   997 | D:2      | Reached XP level 3. HP: 28/28 MP: 3/3
  1120 | D:2      | Killed Natasha
  1121 | D:2      | Reached skill level 2 in Stealth
  1121 | D:2      | Reached XP level 4. HP: 34/34 MP: 4/4
  1577 | D:2      | Noticed Natasha
  1584 | D:2      | Killed Natasha
  1585 | D:2      | Reached XP level 5. HP: 23/39 MP: 5/5
  1733 | D:2      | Noticed Natasha
  1739 | D:2      | Killed Natasha
  2028 | D:3      | Reached skill level 3 in Stealth
  2032 | D:3      | Reached skill level 3 in Unarmed Combat
  2266 | D:3      | Reached skill level 4 in Dodging
  2266 | D:3      | Reached XP level 6. HP: 33/47 MP: 6/6
  2273 | D:3      | Reached skill level 4 in Fighting
  2273 | D:3      | Reached skill level 4 in Shields
  2462 | D:3      | Found a faded altar of an unknown god.
  2488 | D:3      | Found an ornate altar of the Wu Jian Council.
  2508 | D:3      | You add the spells Sting, Poisonous Vapours and Olgreb's
                  | Toxic Radiance to your library.
  3325 | D:4      | Reached skill level 4 in Stealth
  3515 | D:4      | Reached XP level 7. HP: 45/53 MP: 7/7
  3534 | D:4      | Found a sparkling altar of Nemelex Xobeh.
  4009 | D:4      | Reached skill level 5 in Stealth
  4009 | D:4      | Reached skill level 4 in Unarmed Combat
  4312 | D:4      | Found an ancient bone altar of Kikubaaqudgha.
  4556 | D:5      | Entered Level 5 of the Dungeon
  4897 | D:5      | Found a glowing drain.
  4911 | Sewer    | Entered a sewer
  4968 | Sewer    | Reached skill level 5 in Fighting
  5043 | Sewer    | Reached skill level 5 in Dodging
  5407 | Sewer    | Reached XP level 8. HP: 49/60 MP: 8/8
  5815 | D:5      | Reached skill level 6 in Stealth
  6056 | D:5      | Found a staircase to the Ecumenical Temple.
  6075 | Temple   | Entered the Ecumenical Temple
  6275 | Temple   | Became a worshipper of Gozag Ym Sagoz the Greedy
  6320 | D:5      | Reached skill level 5 in Unarmed Combat
  6427 | D:5      | Found a stormy altar of Qazlal.
  6831 | D:6      | Found a snail-covered altar of Cheibriados.
  6863 | D:6      | Reached skill level 7 in Stealth
  7185 | D:6      | Reached skill level 6 in Fighting
  7185 | D:6      | Reached skill level 6 in Dodging
  7371 | D:6      | Found a blossoming altar of Fedhas.
  7372 | D:6      | You fall into a shaft and drop 2 floors!
  7592 | D:8      | Found Rifruz's Hydra Hut.
  7599 | D:8      | Noticed a four-headed hydra
  7612 | D:8      | Reached XP level 9. HP: 53/68 MP: 9/9
  7758 | D:8      | HP: 16/69 [orc (4)]
  8016 | D:8      | Noticed Harold
  8025 | D:8      | Found a glowing silver altar of Zin.
  8094 | D:8      | Found a shimmering altar of Xom.
  8317 | D:8      | You pick up a book of Air and begin reading...
  8317 | D:8      | You add the spells Shock, Swiftness and Airstrike to your
                  | library.
  8469 | D:8      | Reached skill level 8 in Stealth
  8469 | D:8      | Reached skill level 6 in Unarmed Combat
  8661 | D:8      | Noticed a gargoyle
  8672 | D:8      | HP: 12/69 [gargoyle (10)]
  8676 | D:8      | Killed a gargoyle
  8993 | D:8      | HP: 14/69 [Harold (14)]
  8994 | D:8      | Slain by Harold

Vanquished Creatures
  A gargoyle (D:8)
  An orc warrior (D:8)
  A black bear (D:8)
  2 ice beasts
  4 ogres
  A phantom (D:5)
  A bullfrog (Sewer)
  A scorpion (D:5)
  2 howler monkeys (D:8)
  A centaur zombie (D:6)
  A bullfrog skeleton (D:4)
  A centaur skeleton (D:4)
  7 orc priests
  A hound (D:5)
  2 jellies
  Natasha (thrice) (D:2)
  4 iguanas
  9 orc wizards
  2 gnolls
  A river rat (D:5)
  11 adders
  A white imp (D:5)
  2 worms
  2 dart slugs
  22 orcs
  14 endoplasms
  12 giant cockroaches
  8 goblins
  6 hobgoblins
  3 jackals (D:1)
  14 quokkas
  16 ball pythons
  3 bats
  10 frilled lizards
  3 kobolds
  5 rats
178 creatures vanquished.

Vanquished Creatures (others)
  A ball python (D:2)
  55 plants
  2 withered plants (D:3)
58 creatures vanquished.

Grand Total: 236 creatures vanquished

Table legend:
 A = Non-vault XP
 B = Vault XP
 C = Vault XP percentage of total XP
 D = Non-vault monster count
 E = Vault monster count
 F = Vault count percentage of total count
                 A         B        C        D         E       F
            +---------+---------+-------+---------+---------+-------
      Total |    2872 |     469 |  14.0 |     115 |      63 |  35.4
            +---------+---------+-------+---------+---------+-------
        D:1 |      29 |       0 |   0.0 |      16 |       0 |   0.0
        D:2 |     139 |      37 |  21.0 |      13 |       1 |   7.1
        D:3 |     201 |      15 |   6.9 |      24 |       1 |   4.0
        D:4 |     305 |     181 |  37.2 |      19 |       7 |  26.9
        D:5 |     603 |      38 |   5.9 |      11 |       8 |  42.1
        D:6 |     463 |       0 |   0.0 |      12 |       0 |   0.0
        D:8 |    1132 |       0 |   0.0 |      20 |       0 |   0.0
      Sewer |       0 |     198 | 100.0 |       0 |      46 | 100.0
            +---------+---------+-------+---------+---------+-------

Illustrated notes

Table legend:
 A = Kills in this place as a percentage of kills in entire the game.
 B = Kills by you in this place as a percentage of kills by you in the entire game.
 C = Kills by friends in this place as a percentage of kills by friends in the entire game.
 D = Other kills in this place as a percentage of other kills in the entire game.
 E = Experience gained in this place as a percentage of experience gained in the entire game.
 F = Experience gained in this place divided by the number of levels of this place that you have seen.
                   A       B       C       D       E      F
               +-------+-------+-------+-------+-------+----------------------
         Total | 100.0 | 100.0 |   N/A |   N/A | 100.0 | 371.2
       Dungeon |  74.2 |  74.2 |   N/A |   N/A |  94.1 | 449.0
         Sewer |  25.8 |  25.8 |   N/A |   N/A |   5.9 | 198.0
               +-------+-------+-------+-------+-------+----------------------

Table legend: (Time is in decaauts)
 A = Elapsed time spent in this place.
 B = Non-inter-level travel time spent in this place.
 C = Inter-level travel time spent in this place.
 D = Time resting spent in this place.
 E = Time spent auto-exploring this place.
 F = Levels seen in this place.
 G = Mean time per level.
                   A        B        C        D        E       F      G
               +--------+--------+--------+--------+--------+-----+--------+
         Total |   8961 |   8517 |    444 |   1007 |   6029 |   9 |  995.7 |
       Dungeon |   8159 |   7747 |    412 |    872 |   5628 |   7 | 1165.6 |
        Temple |    233 |    201 |     32 |    135 |     44 |   1 |  233.0 |
         Sewer |    568 |    568 |      0 |      0 |    357 |   1 |  568.0 |
               +--------+--------+--------+--------+--------+-----+--------+

Top non-repeatable levels by time:
     D:8: 1614 daAuts
     D:4: 1533 daAuts
     D:3: 1339 daAuts
     D:5: 977 daAuts
     D:1: 963 daAuts
     D:2: 934 daAuts
     D:6: 797 daAuts
   Sewer: 568 daAuts
  Temple: 233 daAuts
